 Dungeon Sprint DCSS version 0.19.4-12-gccf7e64 (webtiles) character file.

6369 Groucho the Spear-Bearer (level 10, -17/84 HPs)
             Began as a Minotaur Gladiator on Feb 28, 2017.
             Was the Champion of Cheibriados.
             Hit by a large rock thrown by a stone giant (45 damage)
             ... in the Dungeon (Sprint IX: "|||||||||||||||||||||||||||||").
             The game lasted 00:04:42 (3190 turns).

Groucho the Spear-Bearer (Minotaur Gladiator)       Turns: 3190, Time: 00:04:42

Health: -17/84     AC: 17    Str: 37    XL:     10   Next: 65%
Magic:  18/18      EV: 24    Int: 20    God:    Cheibriados [******]
Gold:   0          SH:  0    Dex: 33    Spells: 0 memorised, 9 levels left

rFire  . . .     SeeInvis .     q - +2 halberd (venom)
rCold  . . .     Gourm    .     b - +1 chain mail
rNeg   . . .     Faith    .     (shield currently unavailable)
rPois  .         Spirit   .     c - +0 hat
rElec  .         Reflect  .     x - +0 cloak
rCorr  .         Harm     .     a - +0 pair of gloves
MR     .....     NoTele   +     (no boots)
Stlth  ..........               (no amulet)
                                r - +3 ring of dexterity
                                l - +3 ring of dexterity

@: very slow
A: retaliatory headbutt, horns 2
a: Bend Time, Temporal Distortion, Slouch, Step From Time, Renounce Religion


You were in the Dungeon.
You worshipped Cheibriados.
Cheibriados was exalted by your worship.
You were not hungry.

You visited 1 branch

Inventory:

Hand Weapons
 q - a +2 halberd of venom (weapon)
Missiles
 d - 3 throwing nets (quivered)
Armour
 a - a +0 pair of gloves (worn)
 b - a +1 chain mail (worn)
 c - a +0 hat (worn)
 x - a +0 cloak (worn)
Jewellery
 f - a +3 ring of protection
 l - a +3 ring of dexterity (left hand)
 r - a +3 ring of dexterity (right hand)
 s - the amulet of the Air {Inacc +Fly rElec EV+5 RMsl}
   (You found it in the Dungeon)

   [amulet of inaccuracy]

   It reduces the accuracy of all your attacks.
   It affects your evasion (+5).
   It insulates you from electricity.
   It lets you fly.
   It protects you from missiles.
Wands
 p - a wand of lightning (7/15)
Scrolls
 k - a scroll of blinking
 n - 4 scrolls of remove curse
 o - 2 scrolls of amnesia
 t - a scroll of fog
 u - 6 scrolls of enchant armour
Potions
 e - 5 potions of curing
 h - 3 potions of haste
 i - 4 potions of magic
 j - 3 potions of berserk rage
 m - a potion of invisibility
Comestibles
 g - 40 fruits
 v - 12 bread rations
 w - 12 meat rations


   Skills:
 + Level 6.9 Fighting
 * Level 13.9 Polearms
 - Level 2.3 Throwing
 * Level 13.3 Armour
 * Level 12.9 Dodging
 * Level 7.6 Unarmed Combat
 + Level 13.3 Invocations


You had 9 spell levels left.
You didn't know any spells.

Dungeon Overview and Level Annotations

Branches:
Dungeon (1/1)

Altars:
Cheibriados
Dithmenos
Elyvilon
Fedhas
Gozag
Hepliaklqana
Kikubaaqudgha
Makhleb
Nemelex Xobeh
Okawaru
Qazlal
Ru
Sif Muna
Trog
Uskayaw
Vehumet
Xom
Yredelemnul
Zin
The Shining One
Beogh
Jiyva
Lugonu


Innate Abilities, Weirdness & Mutations

You reflexively headbutt those who attack you in melee.
You have a pair of horns on your head.


Message History

The stone giant throws a large rock.
The large rock completely misses you.
Attack whom?
Press: ? - help, Dir - move target cursor, f/p - stone giant
Aim: a stone giant (lightly wounded)
You reach to attack!
You puncture the stone giant!
The stone giant is poisoned.
The stone giant is moderately wounded.
Attack whom?
Press: ? - help, Dir - move target cursor, f/p - stone giant
Aim: a stone giant (moderately wounded, poisoned)
You reach to attack!
You hit the stone giant.
The stone giant is moderately wounded.
The stone giant throws a large rock.
The large rock hits you!!
Attack whom?
Press: ? - help, Dir - move target cursor, f/p - stone giant
Aim: a stone giant (moderately wounded, poisoned)
You reach to attack!
You spit the stone giant like a pig!!!
The stone giant is almost dead.
The stone giant throws a large rock.
The large rock hits you!!!
Ouch! That really hurt!
You die...

▓.▓.▓.▓_▓
▓.▓.▓.▓.▓_▓
▓.▓.▓'▓.▓_▓
▓.▓.▓.▓.▓_▓
▓o▓.▓.▓.▓_▓
▓o▓.▓.▓.▓_▓
▓C▓.▓.▓.▓_▓
▓$▓.▓.▓.▓'▓
▓@▓.▓)▓.▓.▓
▓)▓.▓.▓.▓.▓
▓[▓.▓.▓.▓.▓
▓.▓.▓.▓.▓.▓
▓.▓.▓.▓.▓÷▓
▓(▓.▓.▓.▓)▓
▓.▓.▓.▓.▓.▓
▓.▓.▓.▓.▓.▓
▓.▓.▓'▓.▓.▓


You could see a stone giant, an orc warrior and an orc wizard.

Vanquished Creatures
  A hydra (D)
  4 lindwurms (D)
  An elephant (D)
  An oklob plant (D)
  A spiny frog (D)
  A komodo dragon (D)
  2 blink frogs (D)
  A yak (D)
  A wyvern (D)
  A vampire mosquito (D)
  A basilisk (D)
  2 hungry ghosts (D)
  6 water moccasins (D)
  3 orc warriors (D)
  2 porcupines (D)
  An eye of draining (D)
  An ogre (D)
  A wolf (D)
  A bullfrog (D)
  2 orc wizards (D)
  A worker ant (D)
  A gnoll (D)
  2 shadow imps (D)
  4 worms (D)
  4 orcs (D)
  2 bat zombies (D)
  A jackal (D)
  A bat (D)
  A frilled lizard (D)
  A jackal skeleton (D)
  4 rats (D)
56 creatures vanquished.

Notes
Turn   | Place    | Note
-------+----------+-------------------------------------------
     0 | D        | Groucho the Minotaur Gladiator began the quest for the Orb.
     0 | D        | Reached XP level 1. HP: 18/18 MP: 0/0
    17 | D        | Noticed an orc wizard
    17 | D        | Noticed a worker ant
    22 | D        | Killed a worker ant
    22 | D        | Reached skill level 5 in Polearms
    22 | D        | Reached XP level 2. HP: 17/27 MP: 1/1
    23 | D        | Reached XP level 3. HP: 20/33 MP: 2/2
    27 | D        | Reached skill level 5 in Dodging
   290 | D        | Found a roughly hewn altar of Beogh.
   290 | D        | Found a snail-covered altar of Cheibriados.
   290 | D        | Found a shadowy altar of Dithmenos.
   290 | D        | Found a white marble altar of Elyvilon.
   290 | D        | Found a blossoming altar of Fedhas.
   290 | D        | Found an opulent altar of Gozag.
   291 | D        | Found a hazy altar of Hepliaklqana.
   292 | D        | Found a viscous altar of Jiyva.
   293 | D        | Found an ancient bone altar of Kikubaaqudgha.
   294 | D        | Found a corrupted altar of Lugonu.
   295 | D        | Found a burning altar of Makhleb.
   296 | D        | Found a sparkling altar of Nemelex Xobeh.
   297 | D        | Found an iron altar of Okawaru.
   298 | D        | Found a stormy altar of Qazlal.
   299 | D        | Found a sacrificial altar of Ru.
   300 | D        | Found a deep blue altar of Sif Muna.
   301 | D        | Found a bloodstained altar of Trog.
   302 | D        | Found a hide-covered altar of Uskayaw.
   316 | D        | Became a worshipper of Cheibriados the Contemplative
   326 | D        | Found a radiant altar of Vehumet.
   327 | D        | Found a shimmering altar of Xom.
   328 | D        | Found a basalt altar of Yredelemnul.
   329 | D        | Found a glowing silver altar of Zin.
   330 | D        | Found a glowing golden altar of the Shining One.
   383 | D        | Noticed an ogre
   383 | D        | Noticed a yak
   388 | D        | Killed a yak
   388 | D        | Reached skill level 5 in Armour
   388 | D        | Reached skill level 5 in Invocations
   388 | D        | Reached XP level 4. HP: 34/41 MP: 2/7
   388 | D        | Reached XP level 5. HP: 39/47 MP: 2/8
   390 | D        | Reached * piety under Cheibriados
   393 | D        | Reached ** piety under Cheibriados
   396 | D        | Killed an ogre
   396 | D        | Reached XP level 6. HP: 27/53 MP: 2/9
   848 | D        | Noticed a hungry ghost
   848 | D        | Noticed a hungry ghost
   848 | D        | Noticed a vampire mosquito
   848 | D        | Noticed a wyvern
   850 | D        | Killed a wyvern
   858 | D        | Killed a vampire mosquito
   858 | D        | Reached *** piety under Cheibriados
   858 | D        | Reached XP level 7. HP: 15/60 MP: 1/12
   863 | D        | Killed a hungry ghost
   863 | D        | Reached **** piety under Cheibriados
   871 | D        | Killed a hungry ghost
   871 | D        | Reached skill level 10 in Polearms
  1160 | D        | Noticed a komodo dragon
  1160 | D        | Noticed a spiny frog
  1160 | D        | Noticed a four-headed hydra
  1161 | D        | Reached skill level 10 in Invocations
  1161 | D        | Reached XP level 8. HP: 67/67 MP: 14/14
  1161 | D        | Reached ***** piety under Cheibriados
  1162 | D        | Killed a spiny frog
  1162 | D        | Reached skill level 10 in Armour
  1162 | D        | Reached skill level 10 in Dodging
  1162 | D        | Killed a komodo dragon
  1165 | D        | Killed a six-headed hydra
  1165 | D        | Reached XP level 9. HP: 30/72 MP: 4/17
  1562 | D        | Noticed an oklob plant
  1562 | D        | Noticed an elephant
  1567 | D        | Killed an elephant
  1571 | D        | Reached ****** piety under Cheibriados
  1571 | D        | Reached skill level 5 in Fighting
  2041 | D        | Killed an oklob plant
  2041 | D        | Reached skill level 5 in Unarmed Combat
  2043 | D        | Reached XP level 10. HP: 15/81 MP: 18/18
  2576 | D        | Noticed a lindwurm
  2576 | D        | Noticed a lindwurm
  2576 | D        | Noticed a lindwurm
  2576 | D        | Noticed a lindwurm
  2586 | D        | Killed a lindwurm
  2589 | D        | HP: 1/83 [lindwurm/blast of flame (30)]
  3034 | D        | Killed a lindwurm
  3037 | D        | Killed a lindwurm
  3039 | D        | Killed a lindwurm
  3183 | D        | Noticed a stone giant
  3190 | D        | Hit by a large rock thrown by a stone giant

Skill      XL: |  1  2  3  4  5  6  7  8  9 10 |
---------------+-------------------------------+-----
Polearms       | 5 7 8 9 10 11 12 13 | 13.9
Fighting       | 3 4 5 6 |  6.9
Armour         | 2 5 6 7 9 11 12 13 | 13.3
Dodging        | 4 6 7 8 9 11 12 | 12.9
Unarmed Combat | 2 3 5 7 |  7.6
Invocations    | 5 6 8 10 12 13 | 13.3
Throwing       | |  2.3

Action                   |  1- 3 |  4- 6 |  7- 9 | 10-12 || total
-------------------------+-------+-------+-------+-------++-------
Melee: Trident           |    17 |       |       |       ||    17
       Headbutt          |     5 |     5 |    14 |    11 ||    35
       Halberd           |     5 |    18 |    43 |    50 ||   116
Invok: Slouch            |       |       |     2 |       ||     2
  Use: Potion            |       |       |     2 |     4 ||     6
       Scroll            |       |       |     1 |     1 ||     2
  Eat: Bread ration      |       |       |     1 |       ||     1
Armor: Leather armour    |     2 |       |       |       ||     2
       Chain mail        |     1 |     5 |    12 |     2 ||    20
Dodge: Dodged            |     7 |    13 |    29 |    28 ||    77
